Map: 中心协议

Players

GromiT

  • Race: Protoss Protoss
  • League: Platinum

shengy - Winner!

  • Race: Zerg Zerg

VOD

Have the link to the VOD?

Description

Time

  • Played on: Nov. 21, 2015, 11:55 p.m.
  • Length: 15:28
Show
View Real Time Build Order
Export as new Build Order

GromiT Protoss 

Build Orders: 1 Gate Expand 

Get SALT Encoding   

  12  0:01  Probe (Chrono Boost)  
  13  0:15  Pylon  
  13  0:18  Probe (Chrono Boost)  
  14  0:29  Probe (Chrono Boost)  
  15  0:37  Gateway  
  15  0:40  Probe (Chrono Boost)  
  16  0:44  Assimilator  
  16  0:50  Probe (Chrono Boost)  
  17  1:01  Probe (Chrono Boost)  
  19  1:11  Probe (Chrono Boost)  
  19  1:26  Nexus  
  19  1:39  Cybernetics Core  
  19  1:46  Probe (Chrono Boost)  
  20  1:49  Assimilator  
  20  1:56  Zealot  
  20  1:57  Probe (Chrono Boost)  
  23  2:16  Pylon  
  23  2:26  Pylon  
  23  2:28  Warp Gate (Chrono Boost)  
  23  2:34  Mothership Core  
  23  2:36  Pylon  
  25  2:40  Probe  
  26  2:50  Probe  
  27  3:01  Probe x2  
  28  3:07  Pylon  
  28  3:10  Pylon  
  28  3:13  Probe  
  28  3:19  Probe  
  29  3:23  Gateway  
  29  3:30  Gateway  
  29  3:42  Probe  
  29  3:46  Gateway  
  30  3:54  Robotics Facility  
  30  3:58  Probe  
  30  4:01  Assimilator  
  30  4:02  Probe  
  32  4:10  Probe  
  33  4:18  Sentry x2  
  33  4:19  Pylon  
  33  4:20  Probe  
  33  4:24  Probe  
  39  4:26  Sentry  
  39  4:30  Probe  
  42  4:39  Gateway  
  42  4:40  Probe  
  42  4:43  Sentry  
  42  4:44  Sentry  
  47  4:46  Sentry  
  49  4:56  Probe  
  49  4:58  Probe  
  51  5:03  Gateway  
  51  5:09  Warp Prism  
  53  5:15  Probe  
  53  5:16  Pylon  
  53  5:20  Stalker  
  54  5:34  Stalker  
  54  5:35  Stalker  
  58  5:40  Probe  
  58  5:41  Probe  
  58  5:42  Assimilator  
  60  5:44  Pylon  
  60  5:45  Observer  
  60  5:48  Stalker  
  63  5:55  Stalker  
  65  6:02  Stalker  
  67  6:05  Pylon  
  67  6:15  Stalker x2  
  67  6:16  Stalker  
  73  6:23  Stalker  
  75  6:25  Stalker  
  75  6:29  Sentry  
  73  6:48  Stalker x2  
  73  6:49  Stalker x2  
  79  6:59  Zealot x2  
  69  7:25  Stalker x3  
  69  7:26  Stalker  
  69  7:32  Probe  
  69  7:33  Probe  
  71  7:44  Stalker  
  71  7:46  Probe  
  74  7:55  Stalker  
  74  7:56  Stalker  
  71  8:17  Probe  
  71  8:19  Probe  
  73  8:25  Stalker x4  
  79  8:47  Zealot x2  
  79  8:48  Zealot x2  
  87  8:50  Probe  
  87  8:52  Probe  
  87  9:19  Zealot x2  
  87  9:20  Zealot x2  
  50  10:09  Zealot x2  
  50  10:10  Zealot x4  
  62  10:14  Warp Prism (Chrono Boost)  
  64  10:32  Stalker x3  
  64  10:33  Stalker  
  61  10:46  Stalker x2  
  53  11:05  Warp Prism (Chrono Boost)  
  53  11:09  Zealot  
  57  11:12  Probe  
  57  11:13  Nexus  
  57  11:14  Pylon, Probe  
  58  11:26  Probe  
  59  11:34  Stalker  
  59  11:35  Stalker  
  63  11:42  Probe  
  63  11:44  Probe  
  65  11:53  Probe  
  65  11:56  Probe  
  67  12:05  Adept x2  
  67  12:08  Probe  
  66  12:34  Stalker  
  66  12:35  Stalker x2  
  72  12:57  Pylon  
  72  12:58  Stalker  
  72  12:59  Stalker x3  
  80  13:09  Zealot  
  80  13:10  Zealot  
  80  13:23  Observer (Chrono Boost)  
  77  13:27  Zealot  
  77  13:28  Zealot x3  
  83  13:37  Zealot  
  85  13:49  Zealot  
  85  13:50  Zealot  
Show
View Real Time Build Order
Export as new Build Order

shengy Zerg - Winner!

Build Orders: Hatch First, Lurkers 

Get SALT Encoding   

  12  0:01  Drone  
  13  0:08  Drone  
  14  0:16  Overlord  
  14  0:35  Drone x3  
  17  0:46  Drone  
  18  0:59  Hatchery  
  18  1:02  Drone  
  18  1:07  Drone  
  19  1:20  Spawning Pool  
  19  1:22  Drone, Extractor  
  18  1:31  Overlord  
  18  1:39  Drone  
  19  1:50  Drone  
  20  2:07  Queen  
  20  2:08  Zergling x2  
  23  2:12  Queen  
  23  2:13  Drone  
  26  2:23  Drone  
  26  2:24  Drone, Roach Warren  
  26  2:25  Drone  
  28  2:33  Zergling x2  
  29  2:43  Overlord  
  27  3:18  Drone x6  
  33  3:20  Drone x3  
  33  3:21  Extractor, Drone x3  
  38  3:33  Drone  
  38  3:34  Extractor, Overlord  
  38  3:58  Drone x4  
  42  4:04  Overlord  
  42  4:05  Evolution Chamber  
  41  4:12  Lair  
  41  4:13  Drone x2  
  41  4:14  Hatchery, Drone x3  
  45  4:24  Queen  
  45  4:27  Overlord x3  
  47  4:38  Zergling x4  
  47  4:39  Zergling x6  
  52  4:47  Zerg Missile Weapons Level 1  
  52  4:50  Metabolic Boost  
  52  4:52  Overlord  
  52  4:57  Roach x4  
  60  5:00  Roach  
  62  5:09  Drone  
  62  5:12  Tunneling Claws  
  63  5:16  Burrow  
  63  5:30  Roach  
  63  5:31  Roach x4  
  73  5:43  Drone x2  
  73  5:44  Queen  
  73  5:45  Overlord  
  73  5:49  Roach x3  
  87  5:50  Roach x3  
  87  5:55  Overseer  
  87  5:56  Hydralisk Den  
  88  6:21  Ravager x3  
  88  6:22  Ravager  
  88  6:45  Roach  
  88  6:46  Zergling x2, Roach  
  77  6:47  Zergling x10  
  77  6:48  Zergling x12  
  85  6:55  Ravager x2  
  85  6:56  Ravager  
  73  7:22  Zergling x2  
  73  7:24  Zergling x18  
  73  7:25  Zergling x4  
  72  7:36  Overseer  
  70  7:51  Baneling Nest, Roach x6  
  81  8:10  Extractor  
  81  8:11  Drone, Overlord  
  81  8:12  Overlord x3  
  78  8:26  Roach x4  
  82  8:30  Overlord x2  
  79  8:47  Lurker Den  
  74  8:49  Hydralisk x3  
  74  8:50  Hydralisk x3  
  74  8:53  Ravager  
  87  8:58  Zergling x2  
  87  8:59  Zergling x4  
  90  9:06  Overseer  
  83  9:29  Zergling x2  
  83  9:30  Zergling x12  
  65  10:04  Zergling x2  
  65  10:05  Zergling x6  
  65  10:06  Zergling x4  
  68  10:10  Queen, Hydralisk x5  
  70  10:22  Overlord x2  
  70  10:27  Lurker x4  
  70  10:28  Lurker  
  70  10:40  Zergling x8  
  66  10:43  Hatchery  
  53  10:53  Hydralisk  
  53  10:54  Hydralisk x3  
  59  11:09  Hydralisk x2  
  63  11:16  Hydralisk  
  62  11:20  Overseer, Hydralisk x3  
  62  11:23  Muscular Augments  
  62  11:24  Hydralisk  
  62  11:25  Hydralisk x3  
  70  11:36  Lurker  
  71  11:45  Lurker x4  
  71  11:46  Lurker  
  76  11:56  Glial Reconstitution  
  76  11:59  Extractor x2  
  76  12:01  Zergling x6  
  70  12:25  Drone x3  
  70  12:28  Drone  
  70  12:29  Drone  
  73  12:37  Drone  
  73  12:39  Spine Crawler  
  73  12:41  Spine Crawler  
  71  12:57  Roach x7  
  71  12:58  Roach x8  
  97  13:32  Ravager x3  
  97  13:33  Ravager  
  101  13:44  Roach  
  101  13:45  Roach x8  
  101  13:46  Roach  
  121  13:50  Extractor  
  121  13:51  Extractor  
  121  13:52  Spine Crawler  
  112  14:08  Zergling x2  
  112  14:09  Zergling x8  
  115  14:28  Drone  
  116  15:18  Hatchery  
Tags
 
Add a new tag
Caveats
  • Supply blocks, unpowered buildings, or Contaminate may cause inaccurate times.
  • Supply counts are checked every 10 seconds.